 Dungeon Crawl Stone Soup version 0.30.0-19-g36f170ea60 (webtiles) character file.

Game seed: 5343460469926377738

218 Irreverend the Trooper (level 5, -23/57 HPs)
             Began as an Ogre Fighter on May 27, 2023.
             Annihilated by an ogre
             ... wielding a +0 giant spiked club
              (27 damage)
             ... on level 4 of the Dungeon.
             The game lasted 00:03:25 (2433 turns).

Irreverend the Trooper (Ogre Fighter)               Turns: 2433, Time: 00:03:25

Health: -23/57     AC:  3    Str: 20    XL:     5   Next: 95%
Magic:  5/5        EV:  9    Int: 11    God:
Gold:   212        SH:  8    Dex:  8    Spells: 4/4 levels left

rFire   . . .        a - +0 trident
rCold   . . .        c - +0 kite shield
rNeg    . . .        b - +0 robe
rPois   .            (helmet restricted)
rElec   .            (no cloak)
rCorr   .            (gloves unavailable)
SInv    .            (boots unavailable)
Will    .....        (no amulet)
Stlth   +            (no ring)
HPRegen 0.29/turn    (no ring)
MPRegen 0.09/turn

%: no passive effects
@: no status effects
A: large, unfitting armour, tough skin 1
a: no special abilities


You were on level 4 of the Dungeon.
You visited 1 branch of the dungeon, and saw 4 of its levels.

You collected 212 gold pieces.

Inventory:

Hand Weapons
 a - a +0 trident (weapon)
 u - a +0 spear
Missiles
 o - 6 silver javelins (quivered)
Armour
 b - a +0 robe (worn)
 c - a +0 kite shield (worn)
Jewellery
 s - a ring of resist corrosion
Scrolls
 e - a scroll of torment {unknown}
 h - 3 scrolls of vulnerability {unknown}
 i - a scroll of amnesia {unknown}
 j - 6 scrolls of identify {unknown}
 l - a scroll of magic mapping {unknown}
 m - a scroll of fog {unknown}
 n - a scroll of poison {unknown}
 p - 2 scrolls of fear {unknown}
 q - 3 scrolls of teleportation {unknown}
 y - a scroll of enchant weapon {unknown}
Potions
 d - 2 potions of might
 f - 2 potions of curing {unknown}
 g - a potion of berserk rage {unknown}
 k - a potion of brilliance {unknown}
 r - a potion of attraction {unknown}
 t - a potion of degeneration {unknown}
 v - a potion of mutation {unknown}
 w - 2 potions of cancellation {unknown}
 x - a potion of flight {unknown}


   Skills:
 + Level 5.2 Fighting
 * Level 4.0 Polearms
 + Level 3.5 Dodging
 + Level 3.8 Shields


You had 4 spell levels left.
You didn't know any spells.
Your spell library contained the following spells:

 Spells                   Type           Power      Damage    Failure   Level
 Blink                    Tloc           0%         N/A       78%         2
 Lesser Beckoning         Tloc           0%         N/A       78%         2
 Momentum Strike          Conj/Tloc      0%         3d8       78%         2


Dungeon Overview and Level Annotations

Branches:
Dungeon (4/15)
 Temple: D:4-7

Altars:


Innate Abilities, Weirdness & Mutations

You are too large for most types of armour.
You have tough skin. (AC +1)


Message History

You puncture the ogre!
The ogre is heavily wounded.
The ogre closely misses you.
You closely miss the ogre.
The ogre is heavily wounded.
The ogre hits you with a +0 giant spiked club.
You hit the ogre.
The ogre is heavily wounded.
You block the hobgoblin's attack.
The ogre hits you with a +0 giant spiked club!!
Ouch! That really hurt!
The hobgoblin hits you but does no damage.
You are too injured to fight recklessly!
You are too injured to fight recklessly!
You are too injured to fight recklessly!
You are too injured to fight recklessly!
You are too injured to fight recklessly!
You are too injured to fight recklessly!
You are too injured to fight recklessly!
You are too injured to fight recklessly!
You are too injured to fight recklessly!
You are too injured to fight recklessly!
You are too injured to fight recklessly!
You are too injured to fight recklessly!
You hit the ogre but do no damage.
The ogre is heavily wounded.
The hobgoblin barely misses you.
You barely miss the ogre.
The ogre is heavily wounded.
You block the ogre's attack. You block the hobgoblin's attack.
You hit the ogre.
The ogre is severely wounded.
The hobgoblin completely misses you.
The ogre hits you with a +0 giant spiked club!!
* * * LOW HITPOINT WARNING * * *
You hit the ogre.
The ogre is severely wounded.
The hobgoblin closely misses you.
The ogre hits you with a +0 giant spiked club!!
You die...

#.#..#.#
###...............#
#.#....#
##...............
#.#..###
##...^.......##.
#...#####
###........#####.
#......(#
#...........# #.
#.......#
#...........# #.
#..<....#
###...........# ##
#.......#
#.............#
#########
#.@...###..####
#gO...# ##..#
#.....# ##..
#.....# ... #.....#
#.....# ###.### .#


You could see an ogre and a hobgoblin.

Vanquished Creatures
  A hound (D:4)
  3 orc wizards
  3 gnolls (D:3)
  2 adders (D:3)
  A worm (D:2)
  3 dart slugs
  6 orcs
  3 bats
  4 endoplasms
  2 giant cockroaches
  5 goblins
  5 hobgoblins
  4 quokkas
  5 ball pythons
  A frilled lizard (D:3)
  7 kobolds
  4 rats
59 creatures vanquished.

Notes
Turn   | Place    | Note
-------+----------+-------------------------------------------
     0 | D:1      | Irreverend the Ogre Fighter began the quest for the Orb.
     0 | D:1      | Reached XP level 1. HP: 24/24 MP: 1/1
   161 | D:1      | Reached XP level 2. HP: 32/32 MP: 2/2
   541 | D:2      | Reached XP level 3. HP: 40/40 MP: 3/3
   574 | D:2      | Found a faded altar of an unknown god.
  1363 | D:3      | Reached XP level 4. HP: 29/49 MP: 4/4
  1756 | D:3      | Reached XP level 5. HP: 36/55 MP: 5/5
  1845 | D:3      | Reached skill level 5 in Fighting
  2421 | D:4      | Noticed an ogre
  2433 | D:4      | Annihilated by an ogre

Illustrated notes

Levels and vault maps discovered:
D:1:      dpeg_arrival_arbitrary_c, layout_basic, minivault_25
D:2:      layout_loops_ring, chequers_ecumenical_altar_island
D:3:      layout_rooms
D:4:      layout_basic, nicolae_ossuary_entry_plus, st_stairs_5,
          ebering_dispersal_statue_hall

Skill      XL: |  1  2  3  4  5 |
---------------+----------------+-----
Dodging        | 3 |  3.5
Polearms       | 3 4 |  4.0
Fighting       | 5 |  5.2
Shields        | |  3.8

Action                     |  1- 3 |  4- 6 || total
---------------------------+-------+-------++-------
  Melee: Trident           |   107 |   103 ||   210
   Stab: Sleeping          |     3 |       ||     3
 Armour: Robe              |    15 |    20 ||    35
  Dodge: Dodged            |    24 |    26 ||    50
  Block: Kite shield       |    33 |    42 ||    75
